 Dungeon Crawl Stone Soup version 0.24.0-13-gcf9b319 (webtiles) character file.

Game seed: 11838269348280383912, levelgen mode: deterministic

72 Doobh the Stinger (level 4, 24/30 HPs)
             Began as a Demonspawn Venom Mage on Jan 1, 2020.
             Quit the game on level 2 of the Dungeon on Jan 2, 2020.
             The game lasted 00:05:14 (1692 turns).

Doobh the Stinger (Demonspawn Venom Mage)           Turns: 1692, Time: 00:05:15

Health: 24/30      AC:  2    Str:  9    XL:     4   Next: 6%
Magic:  3/7        EV: 12    Int: 16    God:
Gold:   80         SH:  0    Dex: 14    Spells: 6/7 levels left

rFire    . . .     SeeInvis .   (no weapon)
rCold    . . .     Gourm    .   (no shield)
rNeg     . . .     Faith    .   a - +0 robe
rPois    .         Spirit   .   (helmet restricted)
rElec    .         Reflect  .   (no cloak)
rCorr    .         Harm     .   (no gloves)
MR       .....                  (no boots)
Stlth    ++........             (no amulet)
HPRegen  0.10/turn              (no ring)
MPRegen  0.10/turn              (no ring)

@: very slightly contaminated
A: antennae 1, sturdy frame 1
a: no special abilities


You were on level 2 of the Dungeon.
You were not hungry.

You visited 1 branch of the dungeon, and saw 2 of its levels.

You collected 80 gold pieces.

Inventory:

Armour
 a - a +0 robe (worn)
Scrolls
 b - a scroll of blinking {unknown}
 d - 2 scrolls of fear {unknown}
 e - 2 scrolls of remove curse {unknown}
 g - a scroll of fog {unknown}
 i - a scroll of identify {unknown}
 l - a scroll of magic mapping {unknown}
Potions
 h - a potion of resistance {unknown}
 j - 2 potions of cancellation {unknown}
 k - a potion of curing {unknown}
Comestibles
 c - 3 rations
 f - 5 chunks of flesh


   Skills:
 + Level 2.2 Dodging
 + Level 2.2 Stealth
 + Level 2.4 Spellcasting
 * Level 2.1 Conjurations
 * Level 3.6 Poison Magic


You had 6 spell levels left.
You knew the following spells:

 Your Spells              Type           Power        Failure   Level  Hunger
a - Sting                 Conj/Pois      ##..         6%          1    #......

Your spell library contained the following spells:

 Spells                   Type           Power        Failure   Level  Hunger
 Poisonous Vapours        Pois/Air       #.....       14%         2    ###....
 Mephitic Cloud           Conj/Pois/Air  #.......     26%         3    ###....
 Olgreb's Toxic Radiance  Pois           ##......     41%         4    #####..
 Venom Bolt               Conj/Pois      ##........   86%         5    ######.


Dungeon Overview and Level Annotations

Branches:
Dungeon (2/15)

Altars:


Innate Abilities, Weirdness & Mutations

You have a pair of small antennae on your head.
Your movements are slightly less encumbered by armour. (ER -2)


Message History

Casting: Sting (safe; 6% risk of failure)
Confirm with . or Enter, or press ? or * to list all spells.
Aiming: Sting (safe; 6% risk of failure)
Press: ? - help, Shift-Dir - straight line, f/p - giant cockroach
Aim: a giant cockroach (clinging)
The sting hits the giant cockroach but does no damage.
The giant cockroach closely misses you.
Casting: Sting (safe; 6% risk of failure)
Confirm with . or Enter, or press ? or * to list all spells.
Aiming: Sting (safe; 6% risk of failure)
Press: ? - help, Shift-Dir - straight line, f/p - giant cockroach
Aim: a giant cockroach (clinging)
The sting hits the giant cockroach.
The giant cockroach is poisoned.
You kill the giant cockroach!
Unknown command.
Welcome back, Doobh the Demonspawn Venom Mage.
Press ? for a list of commands and other information.
Quiver which item? (- for none, * to show all) (? for menu, Esc to quit)
Okay, then.
Are you sure you want to abandon this character and quit the game? (Confirm with "yes".)

#.# #......#
##.########.###.##
#...........# #...
#..########.###.##
#..# #..>..##
########..#
###.####
....<.....# #.##.(
########(.# #.#.##
#@.# #..##
#).......# #..#
#.####..## ##.##
#..# ##.## #..#
##.. #..# ### ...#
#.##


There were no monsters in sight!

Vanquished Creatures
  4 adders (D:2)
  A dart slug (D:2)
  4 leopard geckos
  An orc (D:2)
  A bat (D:1)
  5 giant cockroaches
  4 goblins
  3 hobgoblins
  A ball python (D:1)
  3 kobolds
  A rat (D:1)
28 creatures vanquished.

Notes
Turn   | Place    | Note
-------+----------+-------------------------------------------
     0 | D:1      | Doobh the Demonspawn Venom Mage began the quest for the
                  | Orb.
     0 | D:1      | Reached XP level 1. HP: 13/13 MP: 3/3
   633 | D:1      | Gained mutation: Your movements are slightly less
                  | encumbered by armour. (ER -2) [demonic ancestry]
   633 | D:1      | Reached XP level 2. HP: 19/19 MP: 0/5
  1269 | D:2      | Reached XP level 3. HP: 21/24 MP: 0/6
  1564 | D:2      | Gained mutation: You have a pair of small antennae on your
                  | head. [demonic ancestry]
  1564 | D:2      | Reached XP level 4. HP: 13/30 MP: 2/7
  1692 | D:2      | Quit the game

Levels and vault maps discovered:
D:1:      giann_bridges, layout_basic
D:2:      minmay_angry_zag, layout_loops_ring, minmay_liquid_box,
          chequers_serial_rivers_small_3

Skill      XL: |  1  2  3 |
---------------+----------+-----
Dodging        | 2 |  2.2
Stealth        | 2 |  2.2
Conjurations   | 2 |  2.1
Spellcasting   | |  2.4
Poison Magic   | |  3.6

Action                   |  1- 3 |  4- 6 || total
-------------------------+-------+-------++-------
Melee: Unarmed           |    35 |       ||    35
 Cast: Sting             |    59 |     5 ||    64
  Eat: Chunk             |     3 |       ||     3
Armor: Robe              |    12 |       ||    12
Dodge: Dodged            |    48 |     2 ||    50
